 Dungeon Crawl Stone Soup version 0.27.1-3-gb3d3a73c9e (webtiles) character file.

Game seed: 11594695158608464682

54 Urokeeper the Skirmisher (level 3, -2/49 HPs)
             Began as a Minotaur Berserker on Oct 27, 2021.
             Was a Believer of Trog.
             Succumbed to a water moccasin's poison
             ... on level 6 of the Dungeon.
             The game lasted 00:03:43 (1903 turns).

Urokeeper the Skirmisher (Minotaur Berserker)       Turns: 1903, Time: 00:03:43

Health: -2/49      AC:  6    Str: 22    XL:     3   Next: 66%
Magic:  2/2        EV: 10    Int: 10    God:    Trog [**....]
Gold:   63         SH:  0    Dex:  9    Spells: 2/2 levels left

rFire    . . .     SeeInvis .   p - +0 war axe
rCold    . . .     Faith    .   (no shield)
rNeg     . . .     Spirit   .   k - +0 scale mail
rPois    .         Reflect  .   (helmet restricted)
rElec    .         Harm     .   (no cloak)
rCorr    .         Rampage  .   (no gloves)
Will     .....                  (no boots)
Stlth    ..........             (no amulet)
HPRegen  0.16/turn              f - ring of flight
MPRegen  0.08/turn              i - +6 ring of intelligence

@: berserking, lethally poisoned (-2 -> -19), flying, very quick
A: horns 2, retaliatory headbutt
a: Renounce Religion, Berserk, Trog's Hand


You were on level 6 of the Dungeon.
You worshipped Trog.
Trog was pleased with you.
You visited 1 branch of the dungeon, and saw 4 of its levels.

You collected 108 gold pieces.
You spent 45 gold pieces at shops.

Inventory:

Hand Weapons
 a - a +0 hand axe
 p - a +0 war axe (weapon)
Armour
 b - a +0 animal skin
 k - a +0 scale mail (worn)
Jewellery
 f - a ring of flight (left hand)
 i - a +6 ring of intelligence (right hand)
Wands
 o - a wand of acid (6)
Scrolls
 c - 2 scrolls of blinking {unknown}
 d - 2 scrolls of identify {unknown}
 e - a scroll of magic mapping {unknown}
 h - a scroll of silence {unknown}
 j - a scroll of teleportation {unknown}
 l - a scroll of acquirement {unknown}
Potions
 g - a potion of mutation {unknown}
 m - a potion of flight {unknown}
 n - 2 potions of brilliance {unknown}


   Skills:
 + Level 4.2 Fighting
 + Level 4.2 Axes
 + Level 3.2 Armour
 + Level 2.9 Dodging


You had 2 spell levels left.
You didn't know any spells.
Your spell library was empty.

Dungeon Overview and Level Annotations

Branches:
Dungeon (3/15)

Altars:
Cheibriados

Shops:
D:2 *


Innate Abilities, Weirdness & Mutations

You have a pair of horns on your head.
You reflexively headbutt those who attack you in melee.


Message History

A water moccasin is nearby!
The water moccasin bites you but does no damage.
The water moccasin closely misses you.
You slash the water moccasin!
Your headbutt misses the water moccasin.
The water moccasin is moderately wounded.
The water moccasin closely misses you.
You barely miss the water moccasin. You headbutt the water moccasin.
The water moccasin is heavily wounded.
The water moccasin bites you! The water moccasin bites you.
You are poisoned.
The water moccasin poisons you!
You closely miss the water moccasin.
Your headbutt misses the water moccasin.
The water moccasin is heavily wounded.
You feel very sick. The water moccasin bites you.
The water moccasin bites you but does no damage.
You barely miss the water moccasin.
The water moccasin is heavily wounded.
You feel very sick. The water moccasin closely misses you.
You furiously retaliate!
You headbutt the water moccasin, but do no damage.
The water moccasin closely misses you.
You slash the water moccasin!
The water moccasin is severely wounded.
You feel sick. The water moccasin bites you.
You are lethally poisoned!
The water moccasin poisons you! The water moccasin bites you.
* * * LOW HITPOINT WARNING * * *
A red film seems to cover your vision as you go berserk!
You feel yourself moving faster!
You feel mighty!
* * * LOW HITPOINT WARNING * * *
You feel very sick. The water moccasin bites you.
* * * LOW HITPOINT WARNING * * *
You are too berserk!
You closely miss the water moccasin.
The water moccasin is severely wounded.
You die...

.... ..# #..# #..
####..# #.#
.....# #.##
######..######..#
................#
#######.###.....#
#.# #.###.#
#.###.# #@#
#..##.# #S#
##.##.# #.#
#.##.# #......$.
#.##.# #.####.S.
#.##.# #.# #.#
#.# ... ..# #..
###


You could see a water moccasin.

Vanquished Creatures
  A ball python (D:2)
  9 bats
  6 endoplasms (D:1)
  3 giant cockroaches
  3 goblins
  A hobgoblin (D:1)
  4 jackals (D:1)
  5 quokkas
  2 frilled lizards (D:1)
  7 kobolds
  4 rats
45 creatures vanquished.

Notes
Turn   | Place    | Note
-------+----------+-------------------------------------------
     0 | D:1      | Urokeeper the Minotaur Berserker began the quest for the
                  | Orb.
     0 | D:1      | Reached XP level 1. HP: 19/19 MP: 0/0
    25 | D:1      | Reached XP level 2. HP: 12/27 MP: 1/1
   531 | D:1      | Reached ** piety under Trog
   694 | D:1      | Reached XP level 3. HP: 22/33 MP: 2/2
  1233 | D:2      | Found Gotidep's General Store.
  1286 | D:2      | Found a snail-covered altar of Cheibriados.
  1486 | D:2      | Found a faded altar of an unknown god.
  1855 | D:2      | Bought a +0 war axe for 45 gold pieces
  1871 | D:3      | You are sucked into a shaft and drop 3 floors!
  1890 | D:6      | Noticed a water moccasin
  1902 | D:6      | HP: 2/49 [water moccasin (6)]
  1903 | D:6      | Succumbed to a water moccasin's poison

Illustrated notes

Levels and vault maps discovered:
D:1:      mrwooster_arrival_arrow, layout_rooms, minmay_octomino_e4
D:2:      layout_basic, basic_altar, shapermc_ecumenical_altar_venn,
          serial_shops, nicolae_shop_stone
D:3:      layout_rooms, gammafunk_ghost_abyssal_escape
D:6:      layout_loops_ring, serial_shops, shop, glass_columns_a,
          dk_noncrumbling_3, roderic_batcave, uniq_grinder, uniq_duvessa

Skill      XL: |  1  2 |
---------------+-------+-----
Fighting       | 4 |  4.2
Axes           | 4 |  4.2
Armour         | 3 |  3.2
Dodging        | |  2.9

Action                   || total
-------------------------++-------
Melee: Hand axe          ||    85
       Headbutt          ||    13
       War axe           ||     6
Invok: Berserk           ||     2
Armor: Animal skin       ||    11
       Scale mail        ||    11
Dodge: Dodged            ||    59
